Cogmind - Beta 13 @@@ ROGUE MODE // 2024.06.11 @ 12:15:33 Player: annull Result: Destroyed by S-10 Pest with Light Assault Rifle Performance ------------- Evolutions (1) 500 Regions Visited (2) 400 Robots Destroyed (14) 70 Value Destroyed (474) 474 Prototype IDs (2) 40 Alien Tech Used (0) 0 Bonus (0) 0 TOTAL SCORE: 1484 Bonus ------- None Cogmind --------- Core Integrity 0/400 Matter 300/300 Energy 88/100 System Corruption 1% Temperature Cool (1) Movement Walking (120) Location -9/Materials Parts ------- > --- POWER (1) -------- (None) > --- PROPULSION (3) --- Aluminum Leg > --- UTILITY (3) ------ Small Storage Unit > --- WEAPON (2) ------- Assault Rifle > --- INVENTORY (8) ---- Large Storage Unit Flail Peak State ------------ > --- POWER ------------ Ion Engine > --- PROPULSION ------- Aluminum Leg Aluminum Leg Aluminum Leg > --- UTILITY ---------- Small Storage Unit ECM Suite Light Armor Plating > --- WEAPON ----------- Spread Laser Flail > --- INVENTORY -------- Improved Ion Engine Aluminum Leg Aluminum Leg Aluminum Leg Large Storage Unit Assault Rifle Assault Rifle Flail [Rating: 12] Favorites ----------- Power Ion Engine Engine Ion Engine Propulsion Aluminum Leg Leg Aluminum Leg Utility Small Storage Unit Device ECM Suite Storage Small Storage Unit Protection Light Armor Plating Weapon Assault Rifle Energy Gun Spread Laser Ballistic Gun Assault Rifle Launcher Grenade Launcher Impact Weapon Flail Build | -11 -10 -9 ------- Run | Yrd Mat Mat Slots Evolved 2 | . . 2 Power . | . . . Propulsion 1 | . . 1 Utility 1 | . . 1 Weapon . | . . . Parts Attached 26 | 6 6 14 Power 3 | 1 . 2 Engine 3 | 1 . 2 Core . | . . . Reactor . | . . . Propulsion 6 | 2 . 4 Treads . | . . . Leg 6 | 2 . 4 Wheel . | . . . Hover . | . . . Flight . | . . . Utility 7 | 1 5 1 Device 2 | . 2 . Storage 4 | 1 3 . Processor . | . . . Hackware . | . . . Protection 1 | . . 1 Artifact . | . . . Weapon 10 | 2 1 7 Energy Gun 1 | . . 1 Energy Cannon . | . . . Ballistic Gun 6 | 2 . 4 Ballistic Cannon . | . . . Launcher 1 | . 1 . Special Weapon . | . . . Impact Weapon 2 | . . 2 Slashing Weapon . | . . . Piercing Weapon . | . . . Special Melee Weapon . | . . . Unidentified Prototypes . | . . . Parts Lost 12 | . . 12 Power 2 | . . 2 Propulsion 5 | . . 5 Utility 2 | . . 2 Weapon 3 | . . 3 Highest Loss Streak 9 | . . 9 To Critical Strikes . | . . . Average Slot Usage (%) 86 | . 97 81 Engine 9 | . 14 7 Leg 27 | . 28 27 Device 9 | . 8 10 Storage 12 | . 16 11 Protection 3 | . . 6 Energy Gun 1 | . . 2 Ballistic Gun 13 | . 21 9 Launcher 3 | . 7 2 Impact Weapon 2 | . . 4 Naked Turns . | . . . Heaviest Build 20 | 14 17 20 Greatest Support 30 | 20 20 30 Greatest Overweight (x) 1 | . . 1 Average Overweight (x) . | . . . Largest Inventory Capacity 25 | 8 25 8 Average Capacity 8 | 7 8 8 Most Carried 8 | 7 8 8 Average Carried 5 | 3 6 5 Final Capacity 8 | 8 8 8 Final Carried 8 | 4 8 2 Class Distribution -------------------- 100% | Mutant Dominant Class ---------------- Mutant | -10/Materials Mutant | -9/Materials Resources | -11 -10 -9 ----------- Run | Yrd Mat Mat Matter Collected 541 | 185 56 300 Remotely . | . . . Salvage Created 489 | . 56 433 Parts 22 | . 3 19 Haulers Intercepted . | . . . Recyclers Shooed 1 | . . 1 Parts Field Recycled . | . . . Retrieved Matter . | . . . Parts Self-Destructed . | . . . Prevented . | . . . Kills | -11 -10 -9 ------- Run | Yrd Mat Mat Combat Hostiles Destroyed 14 | . 2 12 Melee 1 | . . 1 Guns 9 | . 1 8 AOE 1 | . 1 . Classes Destroyed 3 | . 1 2 Swarmer 2 | . . 2 Grunt 9 | . 2 7 Sentry 3 | . . 3 Best Kill Streak 3 | . 1 3 Combat Bots Only 4 | . 1 4 Max Kills in Single Turn 1 | . 1 1 Gunslinging . | . . . Exploded 1 | . 1 . Melee 1 | . . 1 Uniques/NPCs Destroyed . | . . . Combat | -11 -10 -9 -------- Run | Yrd Mat Mat Hostile Shots Fired 188 | . 5 183 Missed 54 | . 2 52 Damage Taken 1587 | . 30 1557 Core 408 | . . 408 Absorbed by Shields . | . . . Core Remaining (%) 100 | 100 100 . Volleys Fired 31 | . 4 27 Largest 2 | . 2 2 Hottest 65 | . 50 65 Shots Fired 46 | . 7 39 Gun 44 | . 5 39 Cannon . | . . . Launcher 2 | . 2 . Special . | . . . Kinetic 34 | . 5 29 Thermal 10 | . . 10 Explosive 2 | . 2 . Electromagnetic . | . . . Robot Hit Streak 10 | . 5 10 Robot Miss Streak 3 | . 2 3 Penetration Max . | . . . Secondary Targets . | . . . Shots Hit Robots 52 | . 5 47 Core Hits 29 | . 5 24 Critical Kills 1 | . . 1 Critical Parts Destroyed 2 | . . 2 Critical Strikes 3 | . . 3 Destroy 1 | . . 1 Smash 2 | . . 2 Melee Attacks 21 | . . 21 Impact 21 | . . 21 Slashing . | . . . Piercing . | . . . Sneak Attacks . | . . . Combat Hostiles . | . . . Follow-up Attacks . | . . . Damage Inflicted 1000 | . 100 900 Guns 513 | . 47 466 Cannons . | . . . Explosions 53 | . 53 . Melee 422 | . . 422 Ramming 12 | . . 12 Kinetic 350 | . 47 303 Thermal 163 | . . 163 Explosive 53 | . 53 . Electromagnetic . | . . . Impact 422 | . . 422 Slashing . | . . . Piercing . | . . . Highest Corruption 1 | . . 1 Average Corruption 1 | . . 1 Corruption Purged . | . . . Corruption Blocked . | . . . Effects 3 | . . 3 Message Errors 2 | . . 2 Heat Flow Errors 1 | . . 1 Overload Shots . | . . . Overflow Damage 53 | . . 53 Projectiles . | . . . Explosions . | . . . Melee 53 | . . 53 Knockbacks 1 | . . 1 Impact 1 | . . 1 Kinetic . | . . . Secondary . | . . . Self-Inflicted Damage . | . . . Shots . | . . . Rammed . | . . . Targets Rammed 7 | . 1 6 Kicked 7 | . 1 6 Crushed . | . . . Highest Temperature 232 | . 1 232 Average Temperature 72 | . 1 73 Received Heat Transfer 660 | . 18 642 Siege Activations . | . . . Robots Corrupted . | . . . Combat Hostiles . | . . . Parts Fried 4 | . . 4 Impact Corruptions 4 | . . 4 Robots Melted . | . . . Combat Hostiles . | . . . Parts Melted 1 | . . 1 Heat Transferred 200 | . . 200 Parts Sabotaged . | . . . Parts Stolen . | . . . Parts Stripped . | . . . Power Chain Reactions . | . . . Alert | -11 -10 -9 ------- Run | Yrd Mat Mat Peak Influence 301 | . 93 301 Initial 39 | . . 39 Average 104 | . 33 162 Maximum Alert Level 1 | . . 1 Low Security (%) 80 | 100 100 66 Level 1 19 | . . 33 Level 2 . | . . . Level 3 . | . . . Level 4 . | . . . Level 5 . | . . . High Security . | . . . Max Security . | . . . Squads Dispatched 4 | . 2 2 Investigation 4 | . 2 2 Extermination . | . . . Reinforcement . | . . . Assault . | . . . Garrison . | . . . Intercept . | . . . Searches Triggered . | . . . Construction Impeded . | . . . Haulers Reinforced . | . . . Active Scanning Responses . | . . . Cargo Convoy Interrupts . | . . . Stealth | -11 -10 -9 --------- Run | Yrd Mat Mat Distress Signals 2 | . 1 1 Communications Jammed . | . . . Distress Signals . | . . . Times Spotted 24 | . 3 21 Peak Tracking Total 6 | . 2 6 Tactical Retreats 2 | . . 2 Traps | -11 -10 -9 ------- Run | Yrd Mat Mat Traps Triggered 2 | . 1 1 Indirectly . | . . . Trap Hack Attempts . | . . . Triggered . | . . . Disarmed . | . . . Reprogrammed . | . . . Reused . | . . . Traps Extracted . | . . . Installed . | . . . Triggered . | . . . Machines | -11 -10 -9 ---------- Run | Yrd Mat Mat Machines Disabled . | . . . Max in Single Turn . | . . . Machines Repaired . | . . . Machines Dismantled . | . . . Machines Sabotaged . | . . . Overloaded Fab Kills . | . . . Hacking | -11 -10 -9 --------- Run | Yrd Mat Mat Machines Accessed 7 | . 4 3 Terminals 6 | . 4 2 Fabricators . | . . . Repair Stations . | . . . Recycling Units . | . . . Scanalyzers 1 | . . 1 Garrison Access . | . . . Total Hacks 15 | . 7 8 Successful 15 | . 7 8 Failed . | . . . Catastrophic . | . . . Database Lockouts . | . . . Manual 2 | . 2 . Terminals 11 | . 7 4 Fabricators . | . . . Repair Stations . | . . . Recycling Units . | . . . Scanalyzers 4 | . . 4 Garrison Access . | . . . Terminal Hacks 11 | . 7 4 Record 8 | . 6 2 Prototype ID Bank 1 | . . 1 Alert Level 1 | . 1 . Dispatch Records 1 | . . 1 Fabricator Hacks . | . . . Repair Station Hacks . | . . . Recycling Unit Hacks . | . . . Scanalyzer 4 | . . 4 Insert Component 2 | . . 2 Analyze 2 | . . 2 Garrison Access Hacks . | . . . Unauthorized Hacks . | . . . Terminals . | . . . Fabricators . | . . . Repair Stations . | . . . Recycling Units . | . . . Scanalyzers . | . . . Garrison Access . | . . . Data Cores Recovered . | . . . Used . | . . . Hacking Detections 4 | . 3 1 Full Trace Events 3 | . 2 1 Feedback Events 1 | . . 1 Corruption 1 | . . 1 Feedback Blocked . | . . . Robot Schematics Acquired . | . . . Robots Built . | . . . Authchips . | . . . Time . | . . . Total Robot Build Rating . | . . . Part Schematics Acquired 2 | . . 2 Parts Built . | . . . Authchips . | . . . Time . | . . . Total Part Build Rating . | . . . Parts Repaired . | . . . Time . | . . . Parts Recycled . | . . . Recycled Matter . | . . . Retrieved Matter . | . . . Retrieved Components . | . . . Parts Scanalyzed 2 | . . 2 Part Schematics Acquired 2 | . . 2 Parts Damaged 1 | . . 1 Bothacking | -11 -10 -9 ------------ Run | Yrd Mat Mat Used RIF Installer . | . . . Robots Hacked . | . . . Non-combat . | . . . Combat . | . . . Robot Hacks Applied . | . . . Relay Couplers Released . | . . . Fabnet Peak Effective % . | . . . Robots Rewired . | . . . Allies Hacked . | . . . Hacks Repelled . | . . . Allies | -11 -10 -9 -------- Run | Yrd Mat Mat Total Allies . | . . . Largest Group . | . . . Highest-Rated Group . | . . . Highest-Rated Ally . | . . . Total Orders . | . . . Ally Attacks . | . . . Total Damage . | . . . Kills . | . . . Allies Corrupted . | . . . Allies Melted . | . . . Intel | -11 -10 -9 ------- Run | Yrd Mat Mat Robot Analysis Total . | . . . Derelict Logs Recovered . | . . . Drone Launches . | . . . Drone Recoveries . | . . . Exploration | -11 -10 -9 ------------- Run | Yrd Mat Mat Turns Passed 709 | 69 229 411 Spaces Moved 424 | 51 164 209 Core 10 | 10 . . Treads . | . . . Legs 414 | 41 164 209 Wheels . | . . . Hover . | . . . Flight . | . . . Fastest Speed 50 | 50 120 120 Average Speed 119 | 106 120 122 Slowest Speed 190 | 120 120 190 Overloaded Moves . | . . . Propulsion Burnouts . | . . . Robots Hopped . | . . . Cave-ins Triggered . | . . . Exploration Rate (%) 17 | 4 27 21 Regions Visited 2 Branch Regions . Pre-discovered Areas . | . . . Known Exits Taken . | . . . Unknown Exits Taken 2 | 1 1 . Scrap Searched . | . . . Spaces Dug . | . . . Terrain Destroyed 16 | . 16 . Melee . | . . . Projectile . | . . . AOE 16 | . 16 . Terrain Rammed . | . . . Walls Destroyed . | . . . Machines Disabled . | . . . Actions | -11 -10 -9 --------- Run | Yrd Mat Mat Total 556 | 66 192 298 Wait 4 | . . 4 Move 422 | 50 163 209 Hop . | . . . Pick Up 28 | 10 11 7 Fast Attach . | . . . Attach 26 | 6 6 14 Detach 9 | . 4 5 Swap . | . . . Drop 8 | . 3 5 Fire 31 | . 4 27 Melee 21 | . . 21 Ram . | . . . Kick 7 | . 1 6 Crush . | . . . Escape Stasis . | . . . Rewire . | . . . Trap . | . . . Miscellaneous . | . . . Route ------- -11/Scrapyard -10/Materials -9/Materials History --------- Turn | Location | Event 4 | -11/Scrapyard | Discovered new exit (range 15) 70 | -11/Scrapyard | Entered Materials 249 | -10/Materials | Discovered new exit (range 10) 299 | -10/Materials | Entered another Materials area 299 | -9/Materials | Evolved 2 slots: Propulsion x1, Utility x1 321 | -9/Materials | Build established: Mutant 598 | -9/Materials | Core integrity fell below 50% 655 | -9/Materials | Lost 9 parts (2p4n1u2w) 677 | -9/Materials | Core integrity fell below 20% 710 | -9/Materials | Destroyed by S-10 Pest with Light Assault Rifle Last Messages --------------- triggering one. 00631_ R-06 Scavenger collects Wheel. 00637_ R-06 Scavenger collects Corrupted Lgt. Treads. 00652_ Acquired 10 matter. 00655_ Kicked M-13 Machinist. 00663_ G-34 Mercenary destroyed. 00664_ R-06 Scavenger collects Ion Engine. 00665_ W-16 Scout sends out distress signal. 00666_ Acquired 12 matter. 00668_ R-06 Scavenger collects Heat Sink. 00672_ R-06 Scavenger collects Sml. Laser. 00672_ Aluminum Leg destroyed. 00676_ S-10 Pest destroyed. 00682_ R-06 Scavenger collects Flight Unit. 00684_ Acquired 12 matter. 00685_ M-13 Machinist repairs S-10 Pest. 00688_ Assault Rifle destroyed. 00690_ NXMT&/F|D5YVRRPX1LTOK&KXOJWWIEY#1 00696_ Kicked A-02 Transporter out of the way. 00697_ ECM Suite destroyed. Map ----- +----------------------------------------------------+ | ??????????????????????????????????????????? | | ??????????????????????????????????????????? | | ??????????????????????????????????????????? | | ??????????????????????????????????????????? | | ??????????????????????????????????????????? | | ??????????????????????????????????????????? | | ??????????????????????????????????????????? | | ??????????????????????????????????????????? | | ??????????????????????????????????????????? | | ??????????????????????????????????????????? | | ??????????????????????????????????????????? | | ??????????????????????????????????????????? | | ??????????????????????????????????????????? | | ??????????????????????????????????????????? | | ??????????????????????????????????????????? | | ??????????????????????????????????????????? | | ?????????????????#####????????????????????? | | ????????????????# ! #???????????????????? | | ????????????????# ???????????????????? | | ????????????????+ ???????????????????? | | ????????????????? ????????????????????? | | ????????????????? ????????????????????? | | ?????????????????# ##############???????? | | ?????????????????# # ????????? | | ?????????????????# #""" """" ?????????? | | ?????????????????# #"R @ """" ?????????? | | ?????????????????# #""" """" #???????? | | ?????????????????# # #???????? | | ################# ###s##########???????? | | s #?????????????? | | #?????????????? | | % #?????????????? | | ???####+## =##### #### #?????????????? | | ?????????#[%%#???# #??? #?????????????? | | ?????????# =#???# #??? #?????????????? | | ?????????# #???# #??? +?????????????? | | ?????????# #???# #??? #?????????????? | | ?????????# #???# #??? #?????????????? | | ?????????# #???# #??? #?????????????? | | ?????????# #???# #??? ?????????????? | | ?????????# #???# #???? ?????????????? | | ?????????#% #???# #???? +????????????? | | ########## #???# #???? #????????????? | | # #???# #???? ?????????????? | | """ """ # #???# #????????????????????? | | """ "" #% #???# #????????????????????? | | """ " #%% #???? ?????????????????????? | | %+% #????????????????????????????? | | %# #????????????????????????????? | | "T" # #????????????????????????????? | +----------------------------------------------------+ Best States ------------- Heat Dissipation 28 Energy Generation 12 Energy Capacity 265 Matter Stores 300 Matter Capacity 350 Sight Range 16 Terrain Scan Density 10 ECM Strength 1 Armor Coverage 150 Evasion (%) 55 Item Schematics ----------------- Aluminum Leg | -9/Materials | Scanalyzed Grenade Launcher | -9/Materials | Scanalyzed Robot Schematics ------------------ None Fabricated ------------ Nothing Alien Tech Used ----------------- None Achievements -------------- None Challenges ------------ None Game ------ Seed ShieldReinforcedMantle Manual? 0 Play Time 00:31:43 Cumulative 3.8 hours Start 2024.06.11 @ 04:36:40 End 2024.06.11 @ 12:15:33 Sessions 2 Manual Loads 0 Difficulty Rogue Special Mode None Game No. 6 Rogue 6 Adventurer 0 Explorer 0 Win Type - Total 0 Types 0/0/0/0/0/0/0/0/0 Lore% 3 Gallery% 3 Achievement% 4 Wizard Run 0 Options --------- Layout 0 ASCII 1 Keyboard 0 Movement Mouse Keybinds 0 Fullscreen 2 Font 18/TerminusBold Map View 38x25 Zoom Use 83% Tactical HUD 1 Map Filters NONE Filters NONE Steam 1 RUN: 7e5afdd1-0987-4784-b514-03a7137ba6c5